 Dungeon Crawl Stone Soup version 0.16.2-12-gd0ad4c3 (webtiles) character file.

126 hiall the Covered (level 4, 8/42 HPs)
             Began as a Deep Dwarf Fighter on Oct 31, 2015.
             Quit the game on level 3 of the Dungeon.
             The game lasted 00:08:34 (1448 turns).

hiall the Covered (Deep Dwarf Fighter)              Turns: 1448, Time: 00:08:34

Health: 8/42       AC:  7    Str: 20    XL:     4   Next: 83%
Magic:  14/14      EV:  8    Int:  8    God:
Gold:   118        SH:  9    Dex: 13    Spells: 0 memorised, 3 levels left

rFire  . . .     SeeInvis .     a - +0 war axe
rCold  . . .     Clarity  .     b - +0 scale mail
rNeg   . . .     SustAb   .     c - +0 shield
rPois  .         Gourm    .     (no helmet)
rElec  .         Spirit   .     (no cloak)
rCorr  .         Warding  .     (no gloves)
rMut   .         Stasis   .     (no boots)
MR     .....                    (no amulet)
Stlth  ..........               (no ring)
                                n - ring of magical power

@: non-regenerating, not resistant to hostile enchantments, extremely unstealthy
A: damage resistance, recharge devices, sense surroundings 1, slow healing 3
a: Device Recharging


You were on level 3 of the Dungeon.
You were not hungry.

You visited 1 branch of the dungeon, and saw 3 of its levels.

You collected 118 gold pieces.

Inventory:

Hand weapons
 a - a +0 war axe (weapon)
 r - a +0 dagger of venom
Armour
 b - a +0 scale mail (worn)
 c - a +0 shield (worn)
Jewellery
 n - a ring of magical power (left hand)
Magical devices
 d - a wand of heal wounds (5)
Scrolls
 j - 2 scrolls of remove curse {unknown}
 l - 4 scrolls of identify {unknown}
 m - 3 scrolls of immolation {unknown}
 o - a scroll of teleportation {unknown}
 s - a scroll of noise {unknown}
 t - a scroll of blinking {unknown}
 v - a scroll of fear {unknown}
Potions
 e - 2 potions of might
 g - a potion of heal wounds {unknown}
 h - a potion of agility {unknown}
 i - a potion of curing {unknown}
 k - 2 potions of mutation {unknown}
 p - a potion of resistance {unknown}
Comestibles
 f - 2 bread rations
 q - 3 chunks of flesh
 u - a meat ration


   Skills:
 + Level 3.4 Fighting
 + Level 3.2 Axes
 + Level 4.3 Armour
 + Level 1.3 Dodging
 - Level 3.2 Shields
 + Level 1.9 Evocations


You had 3 spell levels left.
You didn't know any spells.

Dungeon Overview and Level Annotations

Branches:
Dungeon (3/15)

Altars:
Ashenzari
Elyvilon
Gozag
Xom
Zin


Innate Abilities, Weirdness & Mutations

You are resistant to damage.
You can recharge devices by infusing magical energy.
You passively map a small area around you.
You do not heal naturally.


Message History

A giant newt comes into view.
Found a white marble altar of Elyvilon.
The giant newt barely misses you.
There is an open door here.
You barely miss the giant newt.
The giant newt bites you but does no damage. x2
Some of the chunks of flesh in your inventory have rotted away.
You closely miss the giant newt. You block the giant newt's attack.
You barely miss the giant newt. You block the giant newt's attack.
You block the giant newt's attack.
You slash the giant newt!
You kill the giant newt!
There is an open door here.
v - a scroll labeled VUKIC KAXYCSOQ You now have 118 gold pieces (gained 9).
Quiver which item? (- for none, * to show all) (? for menu, Esc to quit)
Okay, then.
Drink which item? (? for menu, Esc to quit)
Okay, then.
Are you sure you want to abandon this character and quit the game? (Confirm with "yes".)

* ##.## ,
#####...##### *,
######...##.##...##
*
...#.8.8.#.#.8.8.#
*
,..#.._..#.#.._..#
#.#.8...#.#...8.#
#.##...'#.#'...###
#..#####...#####.#
#@.......⌠........
##.#####...#####.#
###...'#.#'...### ,
#.8...#.#...8.# *
#.._..#.#.._..# , ,
#.8.8.#.#.8.8.# *
*##...##.##...##
#####...*#### #.. ,


There were no monsters in sight!

Vanquished Creatures
  A centaur zombie (D:3)
  3 adders
  2 worms
  4 giant geckos
  2 orcs (D:3)
  8 bats
  2 giant cockroaches
  11 goblins
  5 hobgoblins
  5 kobolds
  A giant newt (D:3)
  8 rats
52 creatures vanquished.

Notes
Turn   | Place    | Note
--------------------------------------------------------------
     0 | D:1      | hiall, the Deep Dwarf Fighter, began the quest for the Orb.
     0 | D:1      | Reached XP level 1. HP: 20/20 MP: 1/1
    80 | D:1      | Reached XP level 2. HP: 27/27 MP: 2/2
   193 | D:1      | Reached skill level 4 in Armour
   248 | D:1      | Found a shattered altar of Ashenzari.
   393 | D:1      | Reached XP level 3. HP: 31/33 MP: 3/3
   868 | D:2      | Found a glowing silver altar of Zin.
  1103 | D:3      | Reached skill level 1 in Dodging
  1113 | D:3      | Reached skill level 1 in Evocations
  1120 | D:3      | Reached XP level 4. HP: 11/42 MP: 4/4
  1386 | D:3      | Found a shattered altar of Ashenzari.
  1402 | D:3      | Found an opulent altar of Gozag.
  1408 | D:3      | Found a shimmering altar of Xom.
  1418 | D:3      | Found a white marble altar of Elyvilon.
  1448 | D:3      | Quit the game

Action                   |  1- 3 |  4- 6 || total
-------------------------+-------+-------++-------
Melee: War axe           |   129 |    38 ||   167
  Eat: Chunk             |       |     2 ||     2
